 Dungeon Crawl Stone Soup version 0.28-a0-479-g5baa6b73be (webtiles) character file.

Game seed: 1297467438696780316

284 Dabor the Conjurer (level 5, -5/41 HPs)
             Began as a Demigod Conjurer on Sept 18, 2021.
             Slain by an orc (6 damage)
             ... on level 4 of the Dungeon.
             The game lasted 00:05:44 (4077 turns).

Dabor the Conjurer (Demigod Conjurer)               Turns: 4077, Time: 00:05:44

Health: -5/41      AC:  3    Str:  5 (8)  XL:     5   Next: 78%
Magic:  6/11       EV: 12    Int: 23 (24) God:
Gold:   149        SH:  0    Dex:  9 (12) Spells: 6/9 levels left

rFire   . . .      SeeInvis .   c - +1 dagger
rCold   . . .      Faith    .   (no shield)
rNeg    . . .      Spirit   .   a - +0 robe
rPois   .          Reflect  .   (no helmet)
rElec   .          Harm     .   (no cloak)
rCorr   .          Rampage  .   (no gloves)
Will    .....                   e - +0 pair of boots
Stlth   ++........              h - amulet of the acrobat
HPRegen 0.13/turn               (no ring)
MPRegen 0.12/turn               (no ring)

@: no status effects
A: high mp 1, forlorn
a: no special abilities


You were on level 4 of the Dungeon.
You visited 1 branch of the dungeon, and saw 4 of its levels.

You collected 149 gold pieces.

Inventory:

Hand Weapons
 c - a +1 dagger (weapon)
Armour
 a - a +0 robe (worn)
 e - a +0 pair of boots (worn)
Jewellery
 h - an amulet of the acrobat (around neck)
 i - an amulet of guardian spirit
Scrolls
 b - a scroll of enchant weapon
Potions
 f - a potion of cancellation {unknown}
 j - a potion of brilliance {unknown}
 k - a potion of attraction {unknown}
 l - a potion of flight {unknown}


   Skills:
 + Level 1.7 Fighting
 + Level 2.8 Dodging
 - Level 1.9 Stealth
 + Level 2.6 Spellcasting
 + Level 4.2 Conjurations
 * Level 3.0 Hexes


You had 6 spell levels left.
You knew the following spells:

 Your Spells              Type           Power      Damage    Failure   Level
a - Magic Dart            Conj           88%        1d7       1%          1
b - Searing Ray           Conj           44%        2d6       3%          2

Your spell library contained the following spells:

 Spells                   Type           Power      Damage    Failure   Level
 Dazzling Flash           Conj/Hex       38%        N/A       9%          3
 Apportation              Tloc           6%         N/A       12%         1
 Fulminant Prism          Conj/Hex       9%         3d7       26%         4
 Gell's Gravitas          Tloc           1%         N/A       34%         3
 Iskenderun's Mystic Bla  Conj/Tloc      12%        2d5       45%         4
 Passage of Golubria      Tloc           N/A        N/A       75%         4
 Silence                  Hex/Air        5%         N/A       87%         5
 Agony                    Necr           3%         N/A       97%         5


Dungeon Overview and Level Annotations

Branches:
Dungeon (4/15)
 Temple: D:4-7

Shops:
D:3 (


Innate Abilities, Weirdness & Mutations

Your attributes grow dramatically as you level up.
You have an increased reservoir of magic. (+10% MP)
You shall have no god before yourself.


Message History

Confirm with . or Enter, or press ? or * to list all spells.
Aiming: Searing Ray (safe; 3% risk of failure)
Press: ? - help, Shift-Dir - straight line, f - orc wizard
Aim: an orc wizard, wielding a +0 dagger and wearing a +0 robe (72% to hit)
The searing ray hits the orc wizard.
The orc wizard is heavily wounded. (Press . to maintain the ray.)
The orc hits you with a +0 hand axe.
You hear some strange, mumbled words.
A magic dart appears from out of thin air!
The magic dart hits you.
The orc wizard gestures at you while chanting.
The magic dart hits you.
The searing ray hits the orc wizard.
The orc wizard is heavily wounded.
The orc completely misses you. Something misses you.
The orc wizard barely misses you.
The searing ray hits the orc wizard.
The orc wizard is heavily wounded.
The orc misses you.
You hear some strange, mumbled words.
A magic dart appears from out of thin air!
The magic dart hits you!
* * * LOW HITPOINT WARNING * * *
The orc wizard barely misses you.
The searing ray hits the orc wizard!
You kill the orc wizard!
You finish channelling your searing ray.
The orc misses you.
You hear some strange, mumbled words.
A puff of flame appears from out of thin air!
The puff of flame hits you!
* * * LOW HITPOINT WARNING * * *
Your Hexes skill increases to level 3!
Okay, then.
It was a potion of degeneration.
There was something very wrong with that liquid.
You feel weakened.
You feel dopey.
You feel clumsy. The orc hits you with a +0 hand axe.
You die...

#......#..##.####
##.# ..
#.....##.# .# .#.
##.#..##.# .#
#...##.......# .#
#...........#
##.##.......# .
#.......#
#...)...#
#...{@..#
#...o...#
#########


You could see an orc.

Vanquished Creatures
  3 jellies
  Terence (D:2)
  An orc wizard (D:4)
  3 adders
  A worm (D:3)
  2 dart slugs
  An orc (D:4)
  9 ball pythons
  7 bats
  4 endoplasms
  A giant cockroach (D:1)
  6 hobgoblins
  2 iguanas
  3 jackals (D:2)
  5 quokkas
  3 frilled lizards
  16 goblins
  7 kobolds
  6 rats
81 creatures vanquished.

Notes
Turn   | Place    | Note
-------+----------+-------------------------------------------
     0 | D:1      | Dabor the Demigod Conjurer began the quest for the Orb.
     0 | D:1      | Reached XP level 1. HP: 14/14 MP: 5/5
   270 | D:1      | Reached XP level 2. HP: 18/20 MP: 0/7
   766 | D:1      | Reached skill level 1 in Hexes
   964 | D:2      | Reached XP level 3. HP: 17/27 MP: 0/8
   967 | D:2      | Learned a level 2 spell: Searing Ray
  1501 | D:2      | Noticed Terence
  1507 | D:2      | Killed Terence
  1508 | D:2      | Reached skill level 1 in Fighting
  1625 | D:2      | Reached XP level 4. HP: 28/35 MP: 7/10
  1730 | D:2      | Reached skill level 4 in Conjurations
  3283 | D:3      | Found Mimer's Weapon Boutique.
  3400 | D:3      | Got the Catalogue of the Voyage
  3542 | D:3      | Reached XP level 5. HP: 40/40 MP: 6/11
  4076 | D:4      | HP: 1/41 [something/puff of flame (9)]
  4077 | D:4      | Slain by an orc

Illustrated notes

Levels and vault maps discovered:
D:1:      scummos_arrival_gate, layout_basic,
          shapermc_ecumenical_altar_mp_vishouse, minmay_close_crescents
D:2:      layout_loops_corners, minmay_indecisive_spiral, uniq_terence
D:3:      layout_loops_cross, dk_xom_monty_hall, lemuel_round_altar,
          slow_altar_1, serial_shops, shop, chequers_jeans,
          minmay_goblin_outpost
D:4:      layout_loops_cross, mainiacjoe_overflow_alcove_2

Skill      XL: |  1  2  3  4  5 |
---------------+----------------+-----
Dodging        | 2 |  2.8
Spellcasting   | 2 |  2.6
Hexes          | 1 2 3 |  3.0
Fighting       | 1 |  1.7
Conjurations   | 4 |  4.2
Stealth        | |  1.9

Action                   |  1- 3 |  4- 6 || total
-------------------------+-------+-------++-------
Melee: Dagger            |    37 |    38 ||    75
       Unarmed           |     1 |       ||     1
 Cast: Magic Dart        |    70 |    64 ||   134
       Searing Ray       |     2 |     8 ||    10
  Use: Scroll            |     1 |     5 ||     6
       Potion            |       |     2 ||     2
Armor: Robe              |    10 |     9 ||    19
Dodge: Dodged            |    36 |    44 ||    80

Table legend: (Time is in decaauts)
 A = Elapsed time spent in this place.
 B = Non-inter-level travel time spent in this place.
 C = Inter-level travel time spent in this place.
 D = Time resting spent in this place.
 E = Time spent auto-exploring this place.
 F = Levels seen in this place.
 G = Mean time per level.
                   A        B        C        D        E       F      G
               +--------+--------+--------+--------+--------+-----+--------+
         Total |   4075 |   3999 |     76 |    379 |   3052 |   4 | 1018.8 |
       Dungeon |   4075 |   3999 |     76 |    379 |   3052 |   4 | 1018.8 |
               +--------+--------+--------+--------+--------+-----+--------+

Top non-repeatable levels by time:
     D:3: 1472 daAuts
     D:2: 1470 daAuts
     D:1: 919 daAuts
     D:4: 212 daAuts
